| TOP OF THE 1ST |
|
Wichita Aeros batting - Pitching for Omaha Storm Chasers : RHP Rodolfo Apodaca
|
|
Pitching: RHP Rodolfo Apodaca
|
|
|
Batting: LHB Jesus Ramos
|
0-0: Ball 1-0: Called Strike 1-1: Called Strike 1-2: Foul Ball, location: 2F 1-2: Strikes out swinging
|
|
Batting: SHB Gary Pettis
|
0-0: Ball 1-0: Fly out, F7 (Line Drive, 7, EV 95.0 MPH)
|
|
Batting: LHB Omar Guerrero
|
0-0: Ball 1-0: Ball 2-0: Called Strike 2-1: Ball 3-1: Fly out, F7 (Flyball, 7LM, EV 83.8 MPH)
|
| Top of the 1st over - 0 runs, 0 hits, 0 errors, 0 left on base; Wichita 0 - Omaha 0 |
| BOTTOM OF THE 1ST |
|
Omaha Storm Chasers batting - Pitching for Wichita Aeros : RHP Brent Gaff
|
|
Pitching: RHP Brent Gaff
|
|
|
Batting: RHB Jay Schellin
|
0-0: Called Strike 0-1: Called Strike 0-2: Foul Ball, location: 2F 0-2: Ball 1-2: Ball 2-2: Fly out, F8 (Flyball, 8RS, EV 84.4 MPH)
|
|
Batting: SHB Rafael Landestoy
|
0-0: SINGLE (Line Drive, 78S, EV 94.4 MPH)
|
|
Batting: RHB Don Money
|
0-0: SINGLE (Line Drive, 6MD, EV 102.5 MPH) Rafael Landestoy to second Rafael Landestoy to third
|
|
Batting: LHB Mike LaValliere
|
0-0: Ball 1-0: Ball 2-0: Ball 3-0: Called Strike 3-1: Foul Ball, location: 2F 3-2: SINGLE (Line Drive, 3, EV 71.3 MPH) (infield hit) Rafael Landestoy scores Don Money to second
|
|
Batting: RHB Al Minker
|
0-0: Ball 1-0: Foul Ball, location: 2F 1-1: Reached on error, E6 (Groundball, 6, EV 103.8 MPH) Don Money to third Mike LaValliere to second
|
|
Batting: RHB Eddie Gates
|
0-0: Ball 1-0: Ball 2-0: Called Strike 2-1: Fly out, F9 (Flyball, 9LM, EV 78.8 MPH) Throwing error, E9 Don Money scores Mike LaValliere to third Al Minker to second
|
|
Batting: SHB Larry Bowa
|
0-0: Ball 1-0: Fly out, F3 (Line Drive, 3, EV 67.5 MPH)
|
| Bottom of the 1st over - 2 runs, 3 hits, 2 errors, 2 left on base; Wichita 0 - Omaha 2 |
| TOP OF THE 2ND |
|
Wichita Aeros batting - Pitching for Omaha Storm Chasers : RHP Rodolfo Apodaca
|
|
Batting: RHB Dave Hoenstine
|
0-0: Ball 1-0: Called Strike 1-1: Swinging Strike 1-2: Ball 2-2: Ball 3-2: SINGLE (Groundball, 25, EV 74.4 MPH) (infield hit)
|
|
Batting: LHB Angel Matos
|
0-0: Foul Ball, location: 2F 0-1: Swinging Strike 0-2: Ball 1-2: Ball 2-2: Strikes out looking
|
|
Batting: LHB James Pellack
|
0-0: Grounds into double play, 4-6-3 (Groundball, 34, EV 100.0 MPH)
|
| Top of the 2nd over - 0 runs, 1 hit, 0 errors, 0 left on base; Wichita 0 - Omaha 2 |
| BOTTOM OF THE 2ND |
|
Omaha Storm Chasers batting - Pitching for Wichita Aeros : RHP Brent Gaff
|
|
Batting: RHB Cesare Pierpaoli
|
0-0: Called Strike 0-1: SINGLE (Groundball, 34D, EV 100.0 MPH)
|
|
Batting: RHB Odie Davis
|
0-0: Fly out, F9 (Line Drive, 9, EV 84.4 MPH)
|
|
Batting: RHB Jay Schellin
|
0-0: Called Strike 0-1: SINGLE (Line Drive, 6D, EV 96.3 MPH) Cesare Pierpaoli to second
|
|
Batting: SHB Rafael Landestoy
|
0-0: Fielders Choice at 2nd, 4-6 (Groundball, 4, EV 86.9 MPH) Cesare Pierpaoli to third
|
|
Batting: RHB Don Money
|
0-0: Ball 1-0: Swinging Strike 1-1: Ball 2-1: Ball 3-1: Base on Balls Rafael Landestoy to second
|
|
Batting: LHB Mike LaValliere
|
0-0: Ball Wild Pitch! Cesare Pierpaoli scores Rafael Landestoy to third Don Money to second 1-0: Called Strike 1-1: Ball 2-1: DOUBLE (Flyball, 89D, EV 93.8 MPH) Rafael Landestoy scores Don Money scores
|
|
Batting: RHB Al Minker
|
0-0: Foul Ball, location: 2F 0-1: Foul Ball, location: 2F 0-2: Ball 1-2: Ball 2-2: Foul Ball, location: 2F 2-2: Foul Ball, location: 2F 2-2: Ball 3-2: Foul Ball, location: 2F 3-2: Base on Balls
|
|
Batting: RHB Eddie Gates
|
0-0: Ball 1-0: Ground out 4-3 (Groundball, 4, EV 76.9 MPH)
|
| Bottom of the 2nd over - 3 runs, 3 hits, 0 errors, 2 left on base; Wichita 0 - Omaha 5 |
| TOP OF THE 3RD |
|
Wichita Aeros batting - Pitching for Omaha Storm Chasers : RHP Rodolfo Apodaca
|
|
Batting: RHB Gary House
|
0-0: Foul Ball, location: 2F 0-1: Ball 1-1: Ball 2-1: Ball 3-1: Foul Ball, location: 2F 3-2: Foul Ball, location: 2F 3-2: SINGLE (Groundball, 6MD, EV 95.6 MPH)
|
|
Batting: RHB Bill Hayes
|
0-0: Ball 1-0: Swinging Strike 1-1: Foul Ball, location: 2F 1-2: Ball 2-2: Foul Ball, location: 2F 2-2: Foul Ball, location: 2F 2-2: Ball 3-2: Strikes out swinging Gary House is caught stealing 2nd base 2-4 Batter strikes out.
|
|
Batting: RHB Julio Collazo
|
0-0: Ball 1-0: Ball 2-0: Ball 3-0: Called Strike 3-1: Reached on error, E9 (Line Drive, 9, EV 98.1 MPH)
|
|
Batting: LHB Jesus Ramos
|
0-0: Called Strike 0-1: Ball 1-1: Ball 2-1: Swinging Strike 2-2: Foul Ball, location: 2F 2-2: Foul Ball, location: 2F 2-2: Ball 3-2: Ground out U3 (Groundball, 3, EV 91.3 MPH)
|
| Top of the 3rd over - 0 runs, 1 hit, 1 error, 1 left on base; Wichita 0 - Omaha 5 |
| BOTTOM OF THE 3RD |
|
Omaha Storm Chasers batting - Pitching for Wichita Aeros : RHP Brent Gaff
|
|
Batting: SHB Larry Bowa
|
0-0: Ball 1-0: Swinging Strike 1-1: Ball 2-1: Foul Ball, location: 2F 2-2: Ground out 4-3 (Groundball, 4, EV 91.9 MPH)
|
|
Batting: RHB Cesare Pierpaoli
|
0-0: Called Strike 0-1: Foul Ball, location: 2F 0-2: Foul Ball, location: 2F 0-2: Ball 1-2: Ball 2-2: Fly out, F8 (Flyball, 8LXD, EV 91.3 MPH)
|
|
Batting: RHB Odie Davis
|
0-0: Ball 1-0: Called Strike 1-1: Swinging Strike 1-2: Foul Ball, location: 2F 1-2: Foul Ball, location: 2F 1-2: Ball 2-2: Ball 3-2: SINGLE (Groundball, 34S, EV 72.5 MPH) (infield hit)
|
|
Batting: RHB Jay Schellin
|
0-0: Ball 1-0: Foul Ball, location: 2F 1-1: Ball 2-1: Called Strike 2-2: Ball 3-2: SINGLE (Line Drive, 4D, EV 96.9 MPH) Odie Davis to second Odie Davis to third
|
|
Batting: SHB Rafael Landestoy
|
0-0: Ball 1-0: Foul Ball, location: 2F 1-1: Ball 2-1: Ground out 4-3 (Groundball, 34, EV 85.6 MPH)
|
| Bottom of the 3rd over - 0 runs, 2 hits, 0 errors, 2 left on base; Wichita 0 - Omaha 5 |
| TOP OF THE 4TH |
|
Wichita Aeros batting - Pitching for Omaha Storm Chasers : RHP Rodolfo Apodaca
|
|
Batting: SHB Gary Pettis
|
0-0: Ball 1-0: Foul Ball, location: 2F 1-1: Called Strike 1-2: Foul Ball, location: 2F 1-2: Ground out 5-3 (Groundball, 5, EV 80.0 MPH)
|
|
Batting: LHB Omar Guerrero
|
0-0: DOUBLE (Line Drive, 89D, EV 109.4 MPH)
|
|
Batting: RHB Dave Hoenstine
|
0-0: Called Strike 0-1: Reached on error, E9 (Line Drive, 9D, EV 93.1 MPH) Omar Guerrero scores
|
|
Batting: LHB Angel Matos
|
0-0: Swinging Strike 0-1: Ball 1-1: SINGLE (Groundball, 4MD, EV 98.1 MPH) Dave Hoenstine to third Runner from 3rd tries for Home, throw by CF and OUT! 8-2
|
|
Pitching: LHP Ross Baumgarten
|
|
|
Batting: LHB James Pellack
|
0-0: Ball 1-0: Foul Ball, location: 2F 1-1: Ball 2-1: Called Strike 2-2: Strikes out looking
|
| Top of the 4th over - 1 run, 2 hits, 1 error, 1 left on base; Wichita 1 - Omaha 5 |
| BOTTOM OF THE 4TH |
|
Omaha Storm Chasers batting - Pitching for Wichita Aeros : RHP Brent Gaff
|
|
Batting: RHB Don Money
|
0-0: Called Strike 0-1: Ball 1-1: Ball 2-1: SINGLE (Line Drive, 6D, EV 96.3 MPH)
|
|
Batting: LHB Mike LaValliere
|
0-0: Ball 1-0: Called Strike 1-1: Fielders Choice at 2nd, 6-4 (Groundball, 6, EV 88.8 MPH)
|
|
Batting: RHB Al Minker
|
0-0: Called Strike 0-1: Called Strike 0-2: Strikes out swinging
|
|
Batting: RHB Eddie Gates
|
0-0: Reached on error, E4 (Groundball, 4, EV 84.4 MPH) Mike LaValliere to third
|
|
Batting: SHB Larry Bowa
|
0-0: Fly out, F8 (Line Drive, 8RM, EV 93.1 MPH)
|
| Bottom of the 4th over - 0 runs, 1 hit, 1 error, 2 left on base; Wichita 1 - Omaha 5 |
| TOP OF THE 5TH |
|
Wichita Aeros batting - Pitching for Omaha Storm Chasers : LHP Ross Baumgarten
|
|
Batting: RHB Gary House
|
0-0: Ball 1-0: Called Strike 1-1: Ball 2-1: Called Strike 2-2: Ball 3-2: SINGLE (Groundball, 56D, EV 103.1 MPH)
|
|
Batting: RHB Bill Hayes
|
0-0: Ball 1-0: Bunt missed! 1-1: Bunt missed! 1-2: Foul Ball, location: 2F 1-2: Fly out, F8 (Flyball, 8RD, EV 106.9 MPH)
|
|
Batting: RHB Julio Collazo
|
0-0: Called Strike 0-1: Ball 1-1: Reached on error, E9 (Line Drive, 9, EV 98.8 MPH) Gary House to second
|
|
Batting: LHB Jesus Ramos
|
0-0: Called Strike 0-1: Foul Ball, location: 2F 0-2: Fielders Choice at 2nd, 6-4 (Groundball, 6M, EV 84.4 MPH) Gary House to third
|
|
Batting: SHB Gary Pettis
|
0-0: Ball 1-0: Called Strike 1-1: Ground out 1-3 (Groundball, 13S, EV 61.3 MPH)
|
| Top of the 5th over - 0 runs, 1 hit, 1 error, 2 left on base; Wichita 1 - Omaha 5 |
| BOTTOM OF THE 5TH |
|
Omaha Storm Chasers batting - Pitching for Wichita Aeros : RHP Brent Gaff
|
|
Batting: RHB Cesare Pierpaoli
|
0-0: Called Strike 0-1: Ball 1-1: Ball 2-1: Ball 3-1: Ground out U3 (Groundball, 34, EV 103.1 MPH)
|
|
Batting: RHB Odie Davis
|
0-0: SINGLE (Line Drive, 9S, EV 90.6 MPH)
|
|
Batting: RHB Jay Schellin
|
0-0: Ball 1-0: Foul Ball, location: 2F 1-1: Foul Ball, location: 2F 1-2: Foul Ball, location: 2F 1-2: Foul Ball, location: 2F 1-2: Foul Ball, location: 2F 1-2: Foul Ball, location: 2F 1-2: Ball 2-2: Foul Ball, location: 2F 2-2: Ball 3-2: Fly out, F9 (Flyball, 9, EV 85.6 MPH)
|
|
Batting: SHB Rafael Landestoy
|
0-0: Called Strike Odie Davis is caught stealing 2nd base 2-6
|
| Bottom of the 5th over - 0 runs, 1 hit, 0 errors, 0 left on base; Wichita 1 - Omaha 5 |
| TOP OF THE 6TH |
|
Wichita Aeros batting - Pitching for Omaha Storm Chasers : LHP Ross Baumgarten
|
|
Batting: LHB Omar Guerrero
|
0-0: Called Strike 0-1: Fly out, F5 (Popup, 5SF, EV 70.6 MPH)
|
|
Batting: RHB Dave Hoenstine
|
0-0: Ball 1-0: Ball 2-0: Fly out, F8 (Flyball, 89D, EV 98.8 MPH)
|
|
Batting: LHB Angel Matos
|
0-0: Called Strike 0-1: Ball 1-1: Ground out 5-3 (Groundball, 5, EV 78.8 MPH)
|
| Top of the 6th over - 0 runs, 0 hits, 0 errors, 0 left on base; Wichita 1 - Omaha 5 |
| BOTTOM OF THE 6TH |
|
Omaha Storm Chasers batting - Pitching for Wichita Aeros : RHP Brent Gaff
|
|
Pitching: RHP Michael Britt
|
|
|
Batting: SHB Rafael Landestoy
|
0-0: Called Strike 0-1: Ball 1-1: Fly out, F9 (Line Drive, 9D, EV 97.5 MPH)
|
|
Batting: RHB Don Money
|
0-0: Called Strike 0-1: Ball 1-1: Ball 2-1: Ball 3-1: Foul Ball, location: 2F 3-2: SINGLE (Line Drive, 7LS, EV 93.1 MPH)
|
|
Batting: LHB Mike LaValliere
|
0-0: Called Strike 0-1: Ball 1-1: Ball 2-1: Foul Ball, location: 2F 2-2: Fielders Choice at 2nd, 4-6 (Groundball, 4, EV 96.3 MPH)
|
|
Batting: RHB Al Minker
|
0-0: Ball 1-0: Called Strike 1-1: Ball 2-1: Ball 3-1: Foul Ball, location: 2F 3-2: Base on Balls Mike LaValliere to second
|
|
Batting: RHB Eddie Gates
|
0-0: Ball 1-0: Ball 2-0: Ball 3-0: Base on Balls Mike LaValliere to third Al Minker to second
|
|
Batting: SHB Larry Bowa
|
0-0: Ground out 4-3 (Groundball, 4, EV 108.8 MPH)
|
| Bottom of the 6th over - 0 runs, 1 hit, 0 errors, 3 left on base; Wichita 1 - Omaha 5 |
| TOP OF THE 7TH |
|
Wichita Aeros batting - Pitching for Omaha Storm Chasers : LHP Ross Baumgarten
|
|
Batting: LHB James Pellack
|
0-0: Ball 1-0: Swinging Strike 1-1: Swinging Strike 1-2: Ball 2-2: Ball 3-2: SINGLE (Flyball, 9LS, EV 90.0 MPH)
|
|
Batting: RHB Gary House
|
0-0: Ball 1-0: Ball 2-0: Foul Ball, location: 2F 2-1: Ball 3-1: Grounds into double play, 4-6-3 (Groundball, 4, EV 101.3 MPH)
|
|
Batting: RHB Bill Hayes
|
0-0: Foul Ball, location: 2F 0-1: Foul Ball, location: 2F 0-2: Fly out, F9 (Flyball, 9D, EV 98.1 MPH)
|
| Top of the 7th over - 0 runs, 1 hit, 0 errors, 0 left on base; Wichita 1 - Omaha 5 |
| BOTTOM OF THE 7TH |
|
Omaha Storm Chasers batting - Pitching for Wichita Aeros : RHP Michael Britt
|
|
Batting: RHB Cesare Pierpaoli
|
0-0: Called Strike 0-1: Fly out, F7 (Line Drive, 7, EV 91.3 MPH)
|
|
Batting: RHB Odie Davis
|
0-0: Ball 1-0: Fly out, F9 (Flyball, 89M, EV 94.4 MPH)
|
|
Batting: RHB Jay Schellin
|
0-0: Ball 1-0: Swinging Strike 1-1: Ground out 6-3 (Groundball, 6, EV 91.3 MPH)
|
| Bottom of the 7th over - 0 runs, 0 hits, 0 errors, 0 left on base; Wichita 1 - Omaha 5 |
| TOP OF THE 8TH |
|
Wichita Aeros batting - Pitching for Omaha Storm Chasers : LHP Ross Baumgarten
|
|
Batting: RHB Julio Collazo
|
0-0: Ball 1-0: Swinging Strike 1-1: Foul Ball, location: 2F 1-2: Fly out, F9 (Flyball, 9D, EV 94.4 MPH)
|
|
Batting: LHB Jesus Ramos
|
0-0: Ball 1-0: Called Strike 1-1: Ground out 5-3 (Groundball, 5, EV 83.1 MPH)
|
|
Batting: SHB Gary Pettis
|
0-0: Swinging Strike 0-1: SINGLE (Groundball, 6S, EV 70.0 MPH) (infield hit)
|
|
Batting: LHB Omar Guerrero
|
0-0: Ball 1-0: Ball 2-0: Ball 3-0: Called Strike 3-1: Foul Ball, location: 2F 3-2: Base on Balls Gary Pettis to second
|
|
Pitching: LHP David Bogacki
|
|
|
Batting: RHB Dave Hoenstine
|
0-0: Ball 1-0: Called Strike 1-1: Ball 2-1: Foul Ball, location: 2F 2-2: Ball 3-2: Base on Balls Gary Pettis to third Omar Guerrero to second
|
|
Batting: LHB Angel Matos
|
0-0: Ball 1-0: Ball 2-0: Swinging Strike 2-1: Ball 3-1: Fly out, F9 (Flyball, 89D, EV 94.4 MPH)
|
| Top of the 8th over - 0 runs, 1 hit, 0 errors, 3 left on base; Wichita 1 - Omaha 5 |
| BOTTOM OF THE 8TH |
|
Omaha Storm Chasers batting - Pitching for Wichita Aeros : RHP Michael Britt
|
|
Batting: SHB Rafael Landestoy
|
0-0: Ball 1-0: Ground out 4-3 (Groundball, 4S, EV 88.8 MPH)
|
|
Batting: RHB Don Money
|
0-0: Ball 1-0: Foul Ball, location: 2F 1-1: Fly out, F7 (Flyball, 7LS, EV 83.1 MPH)
|
|
Batting: LHB Mike LaValliere
|
0-0: Foul Ball, location: 2F 0-1: Foul Ball, location: 2F 0-2: Ground out 6-3 (Groundball, 6M, EV 101.9 MPH)
|
| Bottom of the 8th over - 0 runs, 0 hits, 0 errors, 0 left on base; Wichita 1 - Omaha 5 |
| TOP OF THE 9TH |
|
Wichita Aeros batting - Pitching for Omaha Storm Chasers : LHP David Bogacki
|
|
Batting: LHB James Pellack
|
0-0: Fly out, F7 (Flyball, 78S, EV 85.0 MPH)
|
|
Batting: RHB Gary House
|
0-0: Foul Ball, location: 2F 0-1: Ball 1-1: Ball 2-1: Foul Ball, location: 2F 2-2: Ball 3-2: Ground out 5-3 (Groundball, 5, EV 106.9 MPH)
|
|
Batting: RHB Bill Hayes
|
0-0: Swinging Strike 0-1: Ball 1-1: Foul Ball, location: 2F 1-2: Foul Ball, location: 2F 1-2: Ball 2-2: Foul Ball, location: 2F 2-2: Strikes out swinging
|
| Top of the 9th over - 0 runs, 0 hits, 0 errors, 0 left on base; Wichita 1 - Omaha 5 |
|